 Dungeon Crawl Stone Soup version 0.29-a0-393-g47a863cc1b (webtiles) character file.

Game seed: 7108453706786150489

5229 sammy202020 the Fighter (level 10, 0/82 HPs)
             Began as a Demonspawn Berserker on May 11, 2022.
             Was an Elder of Trog.
             Slain by a vampire
             ... wielding a +3 vampiric glaive
              (15 damage)
             ... in a bailey.
             The game lasted 00:22:17 (10163 turns).

sammy202020 the Fighter (Demonspawn Berserker)     Turns: 10163, Time: 00:22:17

Health: 0/82       AC: 17    Str: 28    XL:     10   Next: 35%
Magic:  10/10      EV: 10    Int: 10    God:    Trog [****..]
Gold:   609        SH:  5    Dex: 19    Spells: 9/9 levels left

rFire   + . .      SeeInvis .   a - +1 hand axe
rCold   + . .      Faith    .   (no shield)
rNeg    . . .      Spirit   .   P - +0 plate armour
rPois   +          Reflect  +   (helmet restricted)
rElec   .          Harm     .   H - scarf {rC+ rF+}
rCorr   .          Rampage  .   (no gloves)
Will    ++...                   d - +2 pair of boots
Stlth   ..........              s - amulet of reflection
HPRegen 1.23/turn               t - +6 ring of dexterity
MPRegen 0.12/turn               b - +6 ring of strength

@: strong-willed, regenerating
A: yellow scales 1, ignite blood 2, powered by pain 1, demonic touch 2, horns 1,
poison resistance, strong 1, evolution 1
a: Renounce Religion, Berserk, Trog's Hand, Brothers in Arms


You were in a bailey.
You worshipped Trog.
Trog was greatly pleased with you.
You visited 1 branch of the dungeon, and saw 8 of its levels.
You also visited: Sewer and Bailey.

You collected 609 gold pieces.

Inventory:

Hand Weapons
 a - a +1 hand axe (weapon)
 i - a +2 flail of protection
 p - a +0 flail
Missiles
 k - 2 throwing nets
 o - 11 boomerangs (quivered)
 M - 2 silver javelins
 N - 2 javelins
Armour
 d - a +2 pair of boots (worn)
 H - a scarf of resistance (worn)
 P - a +0 plate armour (worn)
Jewellery
 b - a +6 ring of strength (right hand)
 j - a ring of poison resistance
 s - an amulet of reflection (around neck)
 t - a +6 ring of dexterity (left hand)
 C - a +6 ring of strength
 K - an amulet of magic regeneration
 Q - an amulet of regeneration
Wands
 m - a wand of flame (14)
 y - a wand of digging (6)
 D - a wand of iceblast (20)
Scrolls
 c - 2 scrolls of immolation
 e - a scroll of fog
 n - 3 scrolls of enchant armour
 v - 2 scrolls of blinking
 w - 2 scrolls of teleportation
 A - a scroll of enchant weapon
 E - a scroll of identify
 J - a scroll of acquirement
 L - a scroll of poison
Potions
 f - a potion of flight
 g - 2 potions of heal wounds
 h - a potion of berserk rage
 l - 5 potions of curing
 q - 2 potions of ambrosia
 r - 2 potions of invisibility
 u - 2 potions of lignification
 x - a potion of brilliance
 z - 4 potions of haste
 B - a potion of cancellation
 F - a potion of magic
 G - a potion of degeneration
 I - a potion of might
 O - 2 potions of mutation


   Skills:
 * Level 8.5 Fighting
 * Level 7.6 Axes
 + Level 5.2 Armour
 + Level 5.2 Dodging
 * Level 6.7 Unarmed Combat


You had 9 spell levels left.
You didn't know any spells.
Your spell library was empty.

Dungeon Overview and Level Annotations

Branches:
Dungeon (8/15)             Temple (0/1) D:4           Sewer (visited)
 Bailey (1/1)
   Lair: D:8-11

Altars:
Fedhas
Gozag
Makhleb
Nemelex Xobeh
Trog
Vehumet
Xom
Zin

Annotations:
D:4 1 runed translucent door


Innate Abilities, Weirdness & Mutations

You are partially covered in yellow scales. (AC +2)
Your demonic aura often causes spilled blood to erupt in flames.
You sometimes gain a little power by taking damage.
Your touch may inflict irresistible damage on your foes.
You have a pair of small horns on your head.
Your system is resistant to poisons. (rPois)
Your muscles are strong. (Str +2)
You have hidden genetic potential.


Message History

No target in view!
No target in view!
No target in view!
No target in view!
No target in view!
No target in view!
No target in view!
No target in view!
No target in view!
No target in view!
No target in view!
No target in view!
No target in view!
Found a spiked leather armour.
Something hits you but does no damage.
Found a glowing robe.
Something hits you but does no damage. Something bites you.
Something draws strength from your injuries!
Found a potion of brilliance.
Something hits you. You block something's attack. Something hits you!
Something bites you but does no damage. Something hits you.
Unknown command.
Something hits you! Something bites you.
Something draws strength from your injuries!
Something hits you. Something bites you but does no damage.
You barely miss something. Something hits you. Something bites you.
Something draws strength from your injuries!
You hit something but do no damage. Something hits you. Something bites you.
Something draws strength from your injuries!
You hit something but do no damage. Your headbutt misses something.
Your touch misses something. Something hits you.
Something bites you but does no damage.
You hit something. Something hits you. Something bites you.
Something draws strength from your injuries!
You miss something. Something hits you. Something bites you but does no damage.
You hit something but do no damage.
You touch something!
Something hits you!
* * * LOW HITPOINT WARNING * * *
Something bites you but does no damage.
Your skin crawls.
You feel strong-willed. Something hits you!
You die...

....####.......#
...##..##.....8#
...#..).#########
......)........8#
......#)........#
8....##...##''###
######...##....##
...)....##......##
8......8#...##..@#
#########..# ##.{#
#.. #..# #8. ...#
## .[|## ![8##
####


There were no monsters in sight!

Vanquished Creatures
  A two-headed ogre (D:7)
  Pikel (D:4)
  Joseph (D:8)
  2 gargoyles
  The ghost of Psyclone the Firebug, a novice OpFE (D:4)
  The ghost of hgbash the Chiller, an amateur DsIE (D:3)
  2 steam dragons
  2 ice beasts (D:7)
  Pargi (Sewer)
  A black bear (D:4)
  An orc warrior (D:7)
  3 sky beasts
  3 ogres
  2 centaurs
  A lemure (D:4)
  A kobold brigand (D:8)
  3 scorpions (D:6)
  A howler monkey (D:5)
  6 hounds
  4 jellies
  4 orc priests
  2 gnoll shamans
  Jessica (D:3)
  5 iguanas
  9 orc wizards
  7 gnolls
  13 adders
  A white imp (D:5)
  6 worms
  2 dart slugs
  26 orcs
  12 ball pythons
  8 endoplasms
  7 giant cockroaches
  9 goblins
  6 hobgoblins
  7 kobolds
  6 quokkas
  10 bats
  7 frilled lizards
  17 orc zombies (Bailey)
  10 rats
213 creatures vanquished.

Vanquished Creatures (others)
  A goblin (D:8)
1 creature vanquished.

Grand Total: 214 creatures vanquished

Notes
Turn   | Place    | Note
-------+----------+-------------------------------------------
     0 | D:1      | sammy202020 the Demonspawn Berserker began the quest for
                  | the Orb.
     0 | D:1      | Reached XP level 1. HP: 18/18 MP: 1/1
    50 | D:1      | Gained mutation: Your demonic aura sometimes causes spilled
                  | blood to erupt in flames. [demonic ancestry]
    50 | D:1      | Reached XP level 2. HP: 9/24 MP: 2/2
   433 | D:1      | You fall into a shaft and drop 1 floor!
   490 | D:1      | Gained mutation: Your demonic aura often causes spilled
                  | blood to erupt in flames. [demonic ancestry]
   490 | D:1      | Reached XP level 3. HP: 24/29 MP: 3/3
   781 | D:1      | Found a faded altar of an unknown god.
  2317 | D:2      | Gained mutation: Your touch may inflict minor irresistible
                  | damage on your foes. [demonic ancestry]
  2317 | D:2      | Reached XP level 4. HP: 27/37 MP: 4/4
  2735 | D:2      | Reached skill level 4 in Fighting
  2907 | D:3      | Reached ** piety under Trog
  2954 | D:3      | Reached skill level 1 in Unarmed Combat
  2954 | D:3      | Gained mutation: You are partially covered in yellow
                  | scales. (AC +2) [demonic ancestry]
  2954 | D:3      | Reached XP level 5. HP: 39/39 MP: 5/5
  2960 | D:3      | Reached XP level 6. HP: 41/49 MP: 6/6
  3126 | D:3      | Noticed Jessica
  3130 | D:3      | Killed Jessica
  3278 | D:3      | Found a bloodstained altar of Trog.
  3891 | D:3      | Found a large runed translucent door.
  3891 | D:3      | Found a large runed translucent door.
  3893 | D:3      | Noticed hgbash's ghost (amateur DsIE)
  3952 | D:3      | Killed hgbash's ghost
  3953 | D:3      | Reached skill level 5 in Fighting
  3953 | D:3      | Reached XP level 7. HP: 28/56 MP: 7/7
  4262 | D:4      | Found a staircase to the Ecumenical Temple.
  4263 | D:4      | Found a runed translucent door.
  4275 | D:4      | Reached *** piety under Trog
  4564 | D:4      | Found a runed translucent door.
  4570 | D:4      | Noticed Psyclone's ghost (novice OpFE)
  4590 | D:4      | Killed Psyclone's ghost
  4591 | D:4      | Reached skill level 5 in Axes
  4591 | D:4      | Reached XP level 8. HP: 53/64 MP: 8/8
  4814 | D:4      | Noticed Pikel
  4836 | D:4      | Killed Pikel
  4837 | D:4      | Reached skill level 6 in Fighting
  5574 | D:5      | Entered Level 5 of the Dungeon
  5928 | D:5      | Found a blossoming altar of Fedhas.
  6084 | D:5      | Found a glowing drain.
  6093 | Sewer    | Entered a sewer
  6339 | Sewer    | Noticed Pargi
  6350 | Sewer    | Killed Pargi
  6351 | Sewer    | Gained mutation: Your touch may inflict irresistible damage
                  | on your foes. [demonic ancestry]
  6351 | Sewer    | Reached XP level 9. HP: 71/71 MP: 9/9
  6421 | Sewer    | Gained mutation: Your magical capacity is low. (-10% MP)
                  | [potion of mutation]
  6422 | Sewer    | Lost mutation: Your magical capacity is low. (-10% MP)
                  | [potion of mutation]
  6422 | Sewer    | Gained mutation: Armour fits poorly on your strangely
                  | shaped body. [potion of mutation]
  6422 | Sewer    | Gained mutation: You passively map a small area around you.
                  | [potion of mutation]
  6423 | Sewer    | Lost mutation: Armour fits poorly on your strangely shaped
                  | body. [potion of mutation]
  6423 | Sewer    | Lost mutation: You passively map a small area around you.
                  | [potion of mutation]
  6423 | Sewer    | Gained mutation: You have hidden genetic potential. [potion
                  | of mutation]
  6423 | Sewer    | Gained mutation: Your muscles are strong. (Str +2) [potion
                  | of mutation]
  6423 | Sewer    | Gained mutation: Your system is resistant to poisons.
                  | (rPois) [potion of mutation]
  6567 | D:5      | Reached skill level 5 in Unarmed Combat
  7330 | D:6      | Reached **** piety under Trog
  7401 | D:6      | Found a burning altar of Makhleb.
  7401 | D:6      | Found a sparkling altar of Nemelex Xobeh.
  7402 | D:6      | Found a radiant altar of Vehumet.
  7438 | D:6      | Reached skill level 7 in Fighting
  7909 | D:6      | Noticed an angel
  7915 | D:6      | Found a shimmering altar of Xom.
  8591 | D:7      | Noticed a two-headed ogre
  8603 | D:7      | Killed a two-headed ogre
  8863 | D:7      | Reached skill level 8 in Fighting
  8865 | D:7      | Reached skill level 5 in Armour
  8865 | D:7      | Gained mutation: You sometimes gain a little power by
                  | taking damage. [demonic ancestry]
  8865 | D:7      | Reached XP level 10. HP: 75/80 MP: 10/10
  8872 | D:7      | Gained mutation: You have a pair of small horns on your
                  | head. [hidden potential]
  8911 | D:7      | Found an opulent altar of Gozag.
  8956 | D:7      | Reached skill level 5 in Dodging
  9122 | D:7      | Identified a scroll of acquirement
  9525 | D:8      | Noticed a gargoyle
  9532 | D:8      | Noticed Joseph
  9534 | D:8      | Killed a gargoyle
  9535 | D:8      | Found a flagged portal.
  9560 | D:8      | Killed Joseph
  9785 | Bailey   | Entered a bailey
 10098 | Bailey   | Noticed a gargoyle
 10109 | Bailey   | Killed a gargoyle
 10163 | Bailey   | Slain by a vampire

Illustrated notes

Levels and vault maps discovered:
D:1:      dpeg_arrival_subterranean_lakeside_camping, layout_basic,
          serial_curves, eino_curves_03, eino_curves_02, eino_curves_03,
          eino_curves_02, shapermc_ecumenical_altar_petra,
          minmay_misc_feat_tower, minmay_circled_x
D:2:      mumra_celtic_spiral_tile, layout_basic, minmay_snake_closets
D:3:      layout_rooms, mainiacjoe_overflow_catwalk,
          ebering_ghost_disaster_area, uniq_jessica
D:4:      layout_loops_cross, minmay_temple_entry_water_ring,
          ebering_ghost_sewer_f, uniq_pikel
D:5:      layout_layer_cave, fedhas_altar_2, gup_sewer_entry_pipe,
          dreamdust_princess_corridor
D:6:      layout_loops_corners, grunt_temple_overflow_order_and_chaos_1,
          gammafunk_temple_overflow_claw, dk_vineyard_3
D:7:      layout_cave_pools, grunt_gozag_breadcrumbs, supply_closet_lemuel
D:8:      layout_basic, enter_bailey_5, serial_shops, nicolae_diamond_shop,
          chequers_serial_rivers_micro_a, uniq_joseph
Bailey:   bailey_polearm_vampire_castle_hellmonk, bailey

Skill      XL: |  1  2  3  4  5  6  7  8  9 10 |
---------------+-------------------------------+-----
Dodging        | 2 3 4 5 |  5.2
Axes           | 3 4 5 6 7 |  7.6
Armour         | 2 3 4 5 |  5.2
Fighting       | 4 5 6 8 |  8.5
Unarmed Combat | 1 2 3 4 6 |  6.7

Action                   |  1- 3 |  4- 6 |  7- 9 | 10-12 || total
-------------------------+-------+-------+-------+-------++-------
Melee: Hand axe          |   115 |   143 |   293 |   112 ||   663
       Touch             |       |    26 |    54 |    20 ||   100
       Punch             |       |       |    10 |     5 ||    15
       Headbutt          |       |       |       |    21 ||    21
Throw: Boomerang         |       |       |     5 |       ||     5
Invok: Berserk           |     1 |     2 |     2 |     2 ||     7
       Trog's Hand       |       |     1 |     1 |     2 ||     4
  Use: Scroll            |     7 |     5 |    10 |     1 ||    23
       Potion            |       |       |     3 |     1 ||     4
 Stab: Sleeping          |     2 |       |       |       ||     2
Armor: Animal skin       |    28 |       |       |       ||    28
       Ring mail         |    18 |    35 |       |       ||    53
       Chain mail        |       |    56 |   164 |    10 ||   230
       Plate armour      |       |       |       |    68 ||    68
Dodge: Dodged            |    65 |    87 |   132 |    66 ||   350
Block: Other             |       |    10 |    70 |    33 ||   113
       Reflection        |       |       |     3 |       ||     3

Table legend: (Time is in decaauts)
 A = Elapsed time spent in this place.
 B = Non-inter-level travel time spent in this place.
 C = Inter-level travel time spent in this place.
 D = Time resting spent in this place.
 E = Time spent auto-exploring this place.
 F = Levels seen in this place.
 G = Mean time per level.
                   A        B        C        D        E       F      G
               +--------+--------+--------+--------+--------+-----+--------+
         Total |  10311 |  10157 |    154 |    553 |   7614 |  10 | 1031.1 |
       Dungeon |   9569 |   9415 |    154 |    553 |   7045 |   8 | 1196.1 |
         Sewer |    367 |    367 |      0 |      0 |    290 |   1 |  367.0 |
        Bailey |    374 |    374 |      0 |      0 |    278 |   1 |  374.0 |
               +--------+--------+--------+--------+--------+-----+--------+

Top non-repeatable levels by time:
     D:1: 1527 daAuts
     D:5: 1424 daAuts
     D:2: 1406 daAuts
     D:3: 1390 daAuts
     D:4: 1330 daAuts
     D:6: 1213 daAuts
     D:7: 966 daAuts
  Bailey: 374 daAuts
   Sewer: 367 daAuts
     D:8: 309 daAuts
